AoeStats
← Ux'RaúlME

Arabia

510641579Analyzed
1v1 RM · 15h ago on Oct 1, 2026· 29m 24s· 2 players
Game mode
Random Map
Map size
Tiny (2 player)
Population
200
Speed
Normal
Resources
Standard
Victory
Conquest
Starting age
Dark Age
Ending age
Imperial Age
RankedLock teamsTeams togetherTeam positionsShared explorationLock speedFull tech treeHidden civsTurbo modeCheats
Victory
Defeat
🇳🇿 Koreans · New Zealand
1366
+16
🇲🇽 Khitans · Mexico
1356
-16
Ux'RaúlME
6:30 Loom
9:13 Feudal Age
9:46 Double-Bit Axe
16:35 Town Watch
17:20 Scale Barding Armor
17:27 Forging
17:12 Fletching
17:22 Padded Archer Armor
18:19 Padded Archer Armor
23:58 Castle Age
22:18 Scale Barding Armor
24:30 Light Cavalry
25:47 Chain Barding Armor
26:05 Iron Casting
25:52 Elite Skirmisher
26:53 Leather Archer Armor
SpanishCrossbowPush
6:19 Loom
9:30 Feudal Age
9:58 Double-Bit Axe
14:22 Gold Mining
17:12 Fletching
17:18 Horse Collar
18:49 Scale Mail Armor
18:55 Town Watch
20:26 Wheelbarrow
24:50 Castle Age
24:59 Crossbowman
25:45 Thumb Ring
25:59 Bow Saw
26:01 Bodkin Arrow
26:38 Heavy Plow
27:25 Ballistics
28:50 Stone Mining
29:36 Gold Shaft Mining
Connection lost

Rejoining the realm…

Still unreachable

The connection could not be restored.

Session expired

The server has moved on; the page needs a fresh start.